 Dungeon Crawl Stone Soup version 0.20-a0-924-gfa95efa (webtiles) character file.

214 Deathtrap2010 the Skirmisher (level 5, -1/47 HPs)
             Began as a Minotaur Fighter on Mar 27, 2017.
             Slain by Grinder (4 damage)
             ... on level 3 of the Dungeon.
             The game lasted 00:08:52 (2135 turns).

Deathtrap2010 the Skirmisher (Minotaur Fighter)     Turns: 2135, Time: 00:08:53

Health: -1/47      AC:  7    Str: 21    XL:     5   Next: 59%
Magic:  4/4        EV:  7    Int:  5    God:
Gold:   120        SH: 10    Dex: 10    Spells: 4/4 levels left

rFire    . . .     SeeInvis .   a - +0 war axe
rCold    . . .     Gourm    .   c - +1 shield
rNeg     . . .     Faith    .   b - +0 scale mail
rPois    .         Spirit   .   (helmet restricted)
rElec    .         Reflect  .   (no cloak)
rCorr    .         Harm     .   (no gloves)
MR       +....     Rnd*Tele +   (no boots)
Stlth    ..........             (no amulet)
Regen    0.2/turn               l - ring of protection from magic
MPRegen  0.1/turn               m - ring of teleportation (curse)

@: no status effects
A: retaliatory headbutt, horns 2
a: no special abilities


You were on level 3 of the Dungeon.
You were not hungry.

You visited 1 branch of the dungeon, and saw 3 of its levels.

You collected 120 gold pieces.

Inventory:

Hand Weapons
 a - a +0 war axe (weapon)
Armour
 b - a +0 scale mail (worn)
 c - a +1 shield (worn)
Jewellery
 f - an uncursed ring of protection from fire
 l - a ring of protection from magic (left hand)
 m - a cursed ring of teleportation (right hand)
Scrolls
 g - a scroll of fear
Potions
 d - a potion of might
 e - 2 potions of resistance
 i - a potion of curing
 j - a potion of agility
Comestibles
 h - 2 meat rations
 k - a bread ration
 n - 4 fruits


   Skills:
 * Level 4.8 Fighting
 * Level 4.8 Axes
 * Level 4.4 Armour
 + Level 0.2 Dodging
 * Level 4.7 Shields


You had 4 spell levels left.
You didn't know any spells.

Dungeon Overview and Level Annotations

Branches:
Dungeon (3/15)

Altars:

Annotations:
D:3 Grinder


Innate Abilities, Weirdness & Mutations

You reflexively headbutt those who attack you in melee.
You have a pair of horns on your head.


Message History

* * * LOW HITPOINT WARNING * * *
You writhe in agony.
* * * LOW HITPOINT WARNING * * *
You hit Grinder.
Grinder is heavily wounded.
Grinder hits you.
* * * LOW HITPOINT WARNING * * *
You writhe in agony.
* * * LOW HITPOINT WARNING * * *
Grinder hits you but does no damage.
Your shield and scale mail prevent you from hitting Grinder.
Grinder is heavily wounded.
You block Grinder's attack.
Your shield and scale mail prevent you from hitting Grinder.
Grinder is heavily wounded.
You block Grinder's attack.
You closely miss Grinder.
Grinder is heavily wounded.
Grinder hits you.
You die...

###### #....#
###############....#
........†.....'....+
###############.@..#
#.5..# #....# .
##+### ? . .


You could see Grinder.

Vanquished Creatures
  A bullfrog skeleton (D:3)
  Jessica (D:3)
  Terence (D:2)
  Robin (D:3)
  3 adders
  5 dart slugs
  4 leopard geckos
  5 orcs (D:3)
  3 giant cockroaches
  11 goblins
  9 hobgoblins
  4 jackals (D:2)
  7 bats
  5 frilled lizards
  9 kobolds
  7 rats
76 creatures vanquished.

Notes
Turn   | Place    | Note
-------+----------+-------------------------------------------
     0 | D:1      | Deathtrap2010 the Minotaur Fighter began the quest for the Orb.
     0 | D:1      | Reached XP level 1. HP: 19/19 MP: 0/0
   477 | D:1      | Reached XP level 2. HP: 27/27 MP: 1/1
  1043 | D:2      | Reached XP level 3. HP: 32/33 MP: 2/2
  1133 | D:2      | Found a faded altar of an unknown god.
  1460 | D:2      | Noticed Terence
  1472 | D:2      | Killed Terence
  1472 | D:2      | Reached XP level 4. HP: 37/41 MP: 3/3
  1713 | D:3      | Noticed Jessica
  1720 | D:3      | Killed Jessica
  1734 | D:3      | Noticed Robin
  1740 | D:3      | Killed Robin
  1746 | D:3      | Reached XP level 5. HP: 36/47 MP: 4/4
  2118 | D:3      | Noticed Grinder
  2125 | D:3      | Paralysed by Grinder for 6 turns
  2135 | D:3      | Slain by Grinder

Vault maps used:
D:1:      mushboom_english_gardens
D:2:      chequers_ecumenical_altar_simple_redux, uniq_terence
D:3:      lemuel_doored_altar, first_bread, minivault_23, uniq_grinder,
          uniq_robin, uniq_jessica

Skill      XL: |  1  2  3  4 |
---------------+-------------+-----
Fighting       | 4 |  4.8
Armour         | 4 |  4.4
Axes           | 3 4 |  4.8
Shields        | 4 |  4.7
Dodging        | |  0.2

Action                   |  1- 3 |  4- 6 || total
-------------------------+-------+-------++-------
Melee: War axe           |    84 |   111 ||   195
       Headbutt          |    12 |    14 ||    26
  Use: Scroll            |     5 |     7 ||    12
       Potion            |     3 |       ||     3
  Eat: Bread ration      |     1 |       ||     1
Armor: Scale mail        |    32 |    55 ||    87
Dodge: Dodged            |    32 |    41 ||    73
Block: Shield            |    49 |    95 ||   144
